[Event "*** Titled Tuesday Blitz"]
[Site "Chess.com"]
[Date "2020.04.14"]
[Round "4"]
[White "Federtiu"]
[Black "kintoho"]
[Result "0-1"]
[WhiteElo "2653"]
[BlackElo "2439"]
[TimeControl "180+1"]
[EndTime "10:39:19 PDT"]
[Termination "kintoho won on time"]

1. e4 c6 2. d4 d5 3. e5 Bf5 4. Nf3 e6 5. Be2 h6 6. O-O Nd7 7. a4 Ne7 8. a5 Nc8 9. a6 b5 10. b3 Ncb6 11. Nbd2 Be7 12. c4 bxc4 13. bxc4 c5 14.
cxd5 Nxd5 15. Nc4 Nc3 16. Qd2 Nxe2+ 17. Qxe2 O-O 18. Rd1 Qc7 19. Bf4 Bg4 20. d5 exd5 21. Ne3 Be6 22. Nxd5 Qd8 23. Qe4 Re8 24. Be3 Bf8 25. Nf4 Qc7 26. Nxe6 fxe6 27. Qg6 Nxe5 28. Nxe5 Qxe5 29. Bxh6 Qf6 30. Qxf6 gxf6 31. Bxf8 Kxf8 32.
Rd7 Re7 33. Rad1 Ke8 34. Rxe7+ Kxe7 35. h4 Rc8 36. Rb1 c4 37. Kf1 Rc6 38. Ke2 Rxa6 39. Ke3 c3 40. Kd3 c2 41. Kxc2 Ra2+ 42. Rb2 Rxb2+ 43.
Kxb2 f5 44. f4 Kf6 45. g3 Kg6 0-1

[Event "*** Titled Tuesday Blitz"]
[Site "Chess.com"]
[Date "2020.04.14"]
[Round "4"]
[White "allvim"]
[Black "WiktoriaPOL"]
[Result "1-0"]
[WhiteElo "2268"]
[BlackElo "2104"]
[TimeControl "180+1"]
[EndTime "10:39:19 PDT"]
[Termination "allvim won by resignation"]

1. e4 c5 2. Nf3 g6 3. d4 cxd4 4. Nxd4 Nc6 5. Nc3 Bg7 6. Be3 Nf6 7. Be2 O-O 8. O-O d6 9. f3 a6 10. a4 Nxd4 11. Bxd4 e6 12. Qd2 Qc7 13. Rad1 Rd8 14. Qe3 Qe7 15. Bb6 Rd7 16. Rd2 Qf8 17. Rfd1 Bh6 18.
f4 e5 19. g3 exf4 20. gxf4 Qe7 21. Nd5 Nxd5 22. Rxd5 Qh4 23. Rf1 Re7 24. Rxd6 Bh3 25. Rf2 Rae8 26. Rd8 Rxd8 27. Bxd8 Kf8 28. Bxe7+ Kxe7 29.
Qg3 1-0

[Event "*** Titled Tuesday Blitz"]
[Site "Chess.com"]
[Date "2020.04.14"]
[Round "4"]
[White "SuperCheese"]
[Black "1stSecond"]
[Result "0-1"]
[WhiteElo "2520"]
[BlackElo "2706"]
[TimeControl "180+1"]
[EndTime "10:39:21 PDT"]
[Termination "1stSecond won by resignation"]

1. d4 Nf6 2. c4 e6 3. Nc3 Bb4 4.
a3 Bxc3+ 5. bxc3 c5 6. f3 Nc6 7. e4 O-O 8. Be3 Qa5 9. Qd2 d6 10. Bd3 b6 11. Ne2 Qa4 12. Bg5 Nd7 13. O-O Ba6 14.
f4 Bxc4 15. f5 f6 16. fxe6 Bxe6 17. Bf4 cxd4 18. Rab1 dxc3 19. Nxc3 Qxa3 20. Nb5 Qc5+ 21. Be3 Qh5 22. Be2 Qg6 23. Qxd6 Bh3 24. Bf3 Nce5 25.
Rb2 Rad8 26. Nxa7 Nxf3+ 27. Rxf3 Ne5 28. Qxb6 Nxf3+ 0-1

[Event "*** Titled Tuesday Blitz"]
[Site "Chess.com"]
[Date "2020.04.14"]
[Round "4"]
[White "vovachesss"]
[Black "grunbergmihai"]
[Result "1-0"]
[WhiteElo "2599"]
[BlackElo "2350"]
[TimeControl "180+1"]
[EndTime "10:39:21 PDT"]
[Termination "vovachesss won by checkmate"]

1. e4 Nf6 2. e5 Nd5 3. c4 Nb6 4. a4 a5 5. c5 Nd5 6. Nf3 d6 7. Bc4 e6 8. cxd6 cxd6 9. d4 Nc6 10. O-O dxe5 11. dxe5 Be7 12. Qe2 Qc7 13. Rd1 O-O 14. Na3 Ncb4 15. Nb5 Qb6 16. Qe4 Bd7 17. Ng5 Bxg5 18. Bxg5 Bxb5 19. Bxb5 h6 20. Bxh6 gxh6 21. Ra3 Ne7 22. Rg3+ Ng6 23. Rxg6+ fxg6 24. Qxg6+ Kh8 25. Qxh6+ Kg8 26. Qg5+ Kh8 27. Qh4+ Kg8 28. Qg3+ Kh8 29. Rd7 Qxf2+ 30. Qxf2 Rxf2 31. Kxf2 Rc8 32. Rxb7 Rc2+ 33.
Kf3 Rxb2 34. h4 Rb3+ 35. Kg4 Nd3 36. Kg5 Nxe5 37. Kf6 Ng4+ 38. Kxe6 Rg3 39. Kf7 Rxg2 40. Rb8+ Kh7 41. Bd3+ Kh6 42. Rh8# 1-0

[Event "*** Titled Tuesday Blitz"]
[Site "Chess.com"]
[Date "2020.04.14"]
[Round "4"]
[White "pheonixking2000"]
[Black "ValeriyGrinev"]
[Result "1-0"]
[WhiteElo "2829"]
[BlackElo "2603"]
[TimeControl "180+1"]
[EndTime "10:39:22 PDT"]
[Termination "pheonixking2000 won by resignation"]

1. d4 Nf6 2. Nf3 g6 3. Nbd2 c5 4. dxc5 Qa5 5. a3 Qxc5 6. b4 Qc7 7. Bb2 Bg7 8. c4 d6 9. g3 b6 10. Bg2 Bb7 11. O-O O-O 12. Qb3 Nbd7 13. Rac1 Rac8 14. Ne1 Bxg2 15. Nxg2 Qb7 16. Rfe1 Rc7 17. e4 Rfc8 18. Ne3 e6 19. Qd3 Ne5 20. Bxe5 dxe5 21. Rc2 Rd7 22. Qc3 Rd4 23. f3 Rcd8 24. Ndf1 g5 25.
g4 h5 26. h3 hxg4 27. hxg4 Nh7 28. Ng3 Nf8 29. Rh2 Ng6 30. Nh5 Nf4 31. Qc2 f6 32.
Nxf4 exf4 33. e5 Qxf3 34. Qh7+ Kf8 35. exf6 Qg3+ 36. Ng2 Bxf6 37. Qg6 Bg7 38. Rh7 R8d7 39. Qxe6 Rd8 40. Qe7+ 1-0

[Event "*** Titled Tuesday Blitz"]
[Site "Chess.com"]
[Date "2020.04.14"]
[Round "4"]
[White "FairChess_on_YouTube"]
[Black "BlueWizzard"]
[Result "0-1"]
[WhiteElo "2982"]
[BlackElo "2776"]
[TimeControl "180+1"]
[EndTime "10:39:23 PDT"]
[Termination "BlueWizzard won on time"]

1. d4 c6 2. Bf4 Qb6 3. b3 g6 4.
Be5 f6 5. Bg3 Bg7 6. e4 f5 7. e5 c5 8. d5 d6 9. Nf3 Nd7 10. Qe2 dxe5 11. Nxe5 f4 12. Bxf4 Qf6 13. g3 Nxe5 14. Bg2 Nh6 15. O-O O-O 16. Nd2 Bf5 17.
Rae1 Nhf7 18. Ne4 Qb6 19. c4 Rae8 20. Be3 Nd7 21. g4 Bxe4 22. Bxe4 e6 23. dxe6 Rxe6 24. Bd5 Re7 25. Qd2 Kh8 26. g5 Nde5 27. Qd1 Nc6 28. Kh1 Nd6 29. Bg2 Nf5 30. Bc1 Rd8 31. Re6 Rxd1 32.
Rxe7 Rxf1+ 0-1

[Event "*** Titled Tuesday Blitz"]
[Site "Chess.com"]
[Date "2020.04.14"]
[Round "4"]
[White "ehrenfeld"]
[Black "GMHess"]
[Result "1-0"]
[WhiteElo "2468"]
[BlackElo "2778"]
[TimeControl "180+1"]
[EndTime "10:39:24 PDT"]
[Termination "ehrenfeld won by resignation"]

1. e4 g6 2. d4 Bg7 3. Nc3 a6 4. Be3 e6 5. f4 b5 6. Bd3 Ne7 7. Nf3 d5 8. e5 Nd7 9. Ne2 Nb6 10. b3 Qd7 11. Qd2 Nc4 12. bxc4 bxc4 13. Nc1 cxd3 14. Nxd3 O-O 15. O-O Nf5 16. Bf2 Qc6 17. g4 Nh6 18. h3 Rb8 19. Kh2 a5 20. Be3 Ba6 21. f5 Nxf5 22. gxf5 exf5 23. Rf2 f6 24. Bh6 Bxd3 25. cxd3 Rb4 26. Bxg7 Kxg7 27. exf6+ Qxf6 28. Re1 Rfb8 29. Qf4 R8b7 30. Rfe2 Rb2 31. Kg3 Rxe2 32. Rxe2 c6 33.
h4 h6 34. Re5 Rb2 35. Qe3 Qd6 36.
Kh3 Rxa2 37. Re7+ Kf6 38. Re5 Qd7 39. Kg3 Ra3 40. Qxh6 Rxd3 41. Qh8+ Kf7 42. Qh7+ 1-0

[Event "*** Titled Tuesday Blitz"]
[Site "Chess.com"]
[Date "2020.04.14"]
[Round "4"]
[White "kircsaj"]
[Black "M1711"]
[Result "0-1"]
[WhiteElo "2316"]
[BlackElo "2548"]
[TimeControl "180+1"]
[EndTime "10:39:24 PDT"]
[Termination "M1711 won by resignation"]

1. e4 c5 2. Nf3 d6 3. d4 cxd4 4. Nxd4 Nf6 5. Nc3 a6 6. Qf3 Nbd7 7. Be3 e6 8. h3 Be7 9. g4 Qc7 10. g5 Ne5 11. Qg3 Nfd7 12. f4 Nc4 13. Bxc4 Qxc4 14.
O-O-O b5 15. a3 Rb8 16. Rhe1 a5 17. Nb3 Qc7 18. Bd4 O-O 19. f5 b4 20. axb4 axb4 21. f6 bxc3 22. fxe7 cxb2+ 23. Kb1 Re8 24. h4 Ne5 25.
Bxe5 dxe5 26. h5 Ra8 27. g6 fxg6 28. hxg6 h6 29. Rf1 Qxe7 30. Rf7 Qa3 31. Rxg7+ Kxg7 32. Qxe5+ Kg8 0-1

[Event "*** Titled Tuesday Blitz"]
[Site "Chess.com"]
[Date "2020.04.14"]
[Round "4"]
[White "ChessFunMaker"]
[Black "Xeniya2005"]
[Result "0-1"]
[WhiteElo "2380"]
[BlackElo "2194"]
[TimeControl "180+1"]
[EndTime "10:39:24 PDT"]
[Termination "Xeniya2005 won on time"]

1. c4 e5 2. g3 Nf6 3. Bg2 Nc6 4. Nc3 Bb4 5. Nd5 Bc5 6. e3 d6 7. Ne2 Nxd5 8. cxd5 Ne7 9. O-O Bf5 10. d4 exd4 11.
Nxd4 Bd7 12. e4 O-O 13. Be3 c6 14. Qd2 cxd5 15. exd5 Qb6 16. a3 Nf5 17. Nxf5 Bxf5 18. Bxc5 dxc5 19. Rac1 Qd6 20. Qe3 b6 21. Rfe1 Rad8 22.
Qe7 Qxe7 23. Rxe7 Rd7 24. Rce1 h6 25. h3 Rfd8 26. g4 Bd3 27. b3 c4 28. R7e3 b5 29. Rc1 Kf8 30. a4 a6 31. Bf3 Re7 32. axb5 axb5 33.
Kg2 Rxe3 34. fxe3 cxb3 35. Bd1 b2 0-1

[Event "*** Titled Tuesday Blitz"]
[Site "Chess.com"]
[Date "2020.04.14"]
[Round "4"]
[White "RitvarsReimanis"]
[Black "mrsavic77"]
[Result "0-1"]
[WhiteElo "2584"]
[BlackElo "2773"]
[TimeControl "180+1"]
[EndTime "10:39:25 PDT"]
[Termination "mrsavic77 won on time"]

1. d4 Nf6 2. c4 e6 3. Nf3 b6 4. g3 Bb7 5. Bg2 Bb4+ 6. Bd2 Bxd2+ 7. Nbxd2 d6 8. O-O Nbd7 9. Re1 O-O 10. e4 e5 11. d5 a5 12. Rf1 Nc5 13. Ne1 Ba6 14.
Qc2 b5 15. b3 Re8 16. Nd3 Nfd7 17. Nxc5 Nxc5 18. Rab1 Qd7 19. Qc3 b4 20. Qe3 a4 21.
Rfc1 g6 22. a3 Reb8 23. axb4 Rxb4 24. bxa4 Rab8 25. Rxb4 Rxb4 26. f4 Qe7 27. Qc3 Rxa4 28. fxe5 Qxe5 29. Qxe5 dxe5 30. Rc2 Kg7 31. h4 f5 32.
exf5 gxf5 33. Nf3 Kf6 34. Re2 e4 35. Ng5 h6 36. Ne6 Bxc4 37. Nxc5 Ra1+ 38. Kf2 Bxe2 39. Kxe2 Ra2+ 40. Kf1 Ke5 41. Ne6 Rc2 42. Nf4 Kd4 43.
h5 Ke3 44. Kg1 Kd4 45. Kh2 e3 46. Kg1 Rc1+ 47. Kh2 Re1 48. Bf3 Rc1 49. Kg2 Rc2+ 50. Kg1 Rb2 51. Kf1 Ra2 52. Kg1 Rf2 53. Be2 Kc3 0-1

[Event "*** Titled Tuesday Blitz"]
[Site "Chess.com"]
[Date "2020.04.14"]
[Round "4"]
[White "OK97"]
[Black "AwareIdea"]
[Result "1-0"]
[WhiteElo "2737"]
[BlackElo "2539"]
[TimeControl "180+1"]
[EndTime "10:39:25 PDT"]
[Termination "OK97 won by resignation"]

1. Nf3 d5 2. g3 Bg4 3. Bg2 Nd7 4.
O-O e6 5. h3 Bh5 6. d3 Ngf6 7.
Nbd2 c6 8. e4 dxe4 9. dxe4 Bxf3 10. Bxf3 e5 11. a4 Bc5 12. Nc4 O-O 13. Bd2 Qe7 14.
Qe1 a6 15. Kh2 Rfd8 16. b4 Bd4 17. c3 Ba7 18. Na5 Nf8 19. Rd1 Rd7 20. Be3 Rxd1 21. Bxd1 Bb8 22. Bc5 Qc7 23. Nc4 Qd8 24. Nb6 Ra7 25.
Nc4 Ra8 26. Bb3 Bc7 27. Qe3 Ne6 28. Rd1 Qe8 29. Nd6 Bxd6 30. Bxd6 Nd7 31. f4 exf4 32. gxf4 Nef8 33. e5 Ne6 34. f5 Nef8 35. e6 Kh8 36. e7 h6 37. exf8=R+ Nxf8 38. Qxe8 Rxe8 39. Bxf7 1-0

[Event "*** Titled Tuesday Blitz"]
[Site "Chess.com"]
[Date "2020.04.14"]
[Round "4"]
[White "regular_legs"]
[Black "Ellaijio_B"]
[Result "0-1"]
[WhiteElo "2534"]
[BlackElo "2724"]
[TimeControl "180+1"]
[EndTime "10:39:25 PDT"]
[Termination "Ellaijio_B won by checkmate"]

1. d4 Nf6 2. c4 c5 3. Nf3 cxd4 4. Nxd4 b6 5. Nc3 Bb7 6. f3 d6 7. e4 a6 8. Be3 e6 9. Be2 Nbd7 10. O-O Be7 11. a4 O-O 12. a5 bxa5 13. Nb3 Rb8 14. Nxa5 Ba8 15. Qd2 Re8 16. Rfb1 d5 17. exd5 exd5 18.
cxd5 Bb4 19. Nc6 Bxc6 20. dxc6 Rxe3 21. cxd7 Re7 22. Bxa6 Rxd7 23. Qc2 Rd2 24. Qf5 g6 25. Qf4 Nh5 26. Qg4 Rd4 27. Qh3 Rh4 28. Qxh4 Qxh4 29.
Ne4 f5 30. Bc4+ Kh8 31. Bd5 fxe4 32. Bxe4 Bc5+ 33. Kf1 Qf2# 0-1

[Event "*** Titled Tuesday Blitz"]
[Site "Chess.com"]
[Date "2020.04.14"]
[Round "4"]
[White "SergeiAza"]
[Black "thedjoker98"]
[Result "1-0"]
[WhiteElo "2780"]
[BlackElo "2454"]
[TimeControl "180+1"]
[EndTime "10:39:25 PDT"]
[Termination "SergeiAza won by resignation"]

1. e4 e5 2. Nf3 Nc6 3. Bb5 g6 4. d4 exd4 5. Nxd4 Bg7 6. Nxc6 bxc6 7. Bc4 Ne7 8. O-O d5 9. Bd3 O-O 10. Nc3 Rb8 11. Na4 Qd6 12. Be3 d4 13. Bd2 c5 14.
b3 Be6 15. Qe2 Rfe8 16. Rae1 Nc6 17. Nb2 Nb4 18. Bxb4 cxb4 19. Nc4 Qd7 20. f4 f5 21. exf5 Bxf5 22. Bxf5 gxf5 23. Qd3 Qd5 24. Ne5 Rf8 25.
Re2 Rbe8 26. Rfe1 c5 27. Qb5 Re7 28. Nc6 Rxe2 29. Rxe2 Qd6 30. g3 h5 31. Ne5 h4 32. Kf2 hxg3+ 33. hxg3 Qd5 34. Ng6 Qh1 35. Qc4+ Kh7 36. Nxf8+ Bxf8 37. Qf7+ Bg7 38. Qxf5+ 1-0

[Event "*** Titled Tuesday Blitz"]
[Site "Chess.com"]
[Date "2020.04.14"]
[Round "4"]
[White "Ziyamammadov"]
[Black "djano"]
[Result "0-1"]
[WhiteElo "1797"]
[BlackElo "2494"]
[TimeControl "180+1"]
[EndTime "10:39:25 PDT"]
[Termination "djano won by checkmate"]

1. e4 e5 2. Nf3 Nc6 3. d4 exd4 4. Bc4 Bc5 5. c3 d3 6. Qxd3 d6 7. O-O Nf6 8. a4 a5 9. Nbd2 O-O 10. Nb3 Bb6 11.
Nbd4 Ne5 12. Nxe5 dxe5 13. Nf3 Qxd3 14. Bxd3 Nd7 15. b4 Re8 16. Bc4 h6 17. Be3 Bxe3 18.
fxe3 Nf6 19. Nd2 Be6 20. Bxe6 Rxe6 21. b5 Rd8 22. Rad1 Red6 23. c4 Rxd2 24. Rxd2 Rxd2 25.
Rc1 Nxe4 26. c5 Rd5 27. c6 b6 28. h3 Nc5 29. Rc4 f5 30. Kf2 Kf7 31. Kf3 Ke6 32. g4 e4+ 33. Kg3 g5 34. h4 gxh4+ 35. Kxh4 fxg4 36.
Kxg4 h5+ 37. Kh4 Kf6 38. Kg3 Kg5 39. Kh3 h4 40. Rd4 Rxd4 41. exd4 e3 42. Kg2 h3+ 43. Kxh3 e2 44. dxc5 e1=Q 45. cxb6 Kf4 46. Kh2 Qf2+ 47. Kh1 Kg3 48. bxc7 Qh2# 0-1

[Event "*** Titled Tuesday Blitz"]
[Site "Chess.com"]
[Date "2020.04.14"]
[Round "4"]
[White "Gerasimenyuk_Miha"]
[Black "Sebastian"]
[Result "0-1"]
[WhiteElo "2492"]
[BlackElo "2993"]
[TimeControl "180+1"]
[EndTime "10:39:25 PDT"]
[Termination "Sebastian won on time"]

1. d4 Nf6 2. Nf3 d5 3. Bg5 Ne4 4. Bh4 h5 5. e3 f6 6. h3 g5 7. Bg3 Nxg3 8. fxg3 Qd6 9. Kf2 e5 10.
dxe5 fxe5 11. Nc3 e4 12. Qd4 Rh6 13. Nxg5 Rf6+ 14. Kg1 Rf5 15. Nh7 Nc6 16. Qh8 Bd7 17.
Nxf8 O-O-O 18. Qg7 Rdxf8 19. Nb5 Qc5 20. Kh2 Qxe3 21. c4 a6 22. cxd5 Ne5 23. Nxc7 Kxc7 24. d6+ Kb8 25. Bxa6 bxa6 26. Rac1 Nf3+ 0-1

[Event "*** Titled Tuesday Blitz"]
[Site "Chess.com"]
[Date "2020.04.14"]
[Round "4"]
[White "Setne007"]
[Black "ItsCheckM8Mate"]
[Result "0-1"]
[WhiteElo "2258"]
[BlackElo "2134"]
[TimeControl "180+1"]
[EndTime "10:39:25 PDT"]
[Termination "ItsCheckM8Mate won by resignation"]

1. e4 e5 2. d3 Nf6 3. Nf3 Nc6 4. Nbd2 d5 5. Be2 Be7 6. O-O h5 7. Re1 d4 8. c3 h4 9. cxd4 exd4 10. e5 Nd5 11. Nb3 h3 12. g3 Nb6 13. a4 a5 14.
Nfd2 Be6 15. Bf1 Qd7 16. Ne4 Bxb3 17. Qxb3 Nxe5 18. Bf4 Nf3+ 19. Kh1 Nxe1 20. Rxe1 O-O 21. Kg1 Nd5 22. Bd2 c6 23. Qd1 Qf5 24. g4 Qh7 25. f4 f5 26. Ng3 fxg4 27. Qxg4 Rae8 28. Ne4 Bd8 29. Bxh3 Ne3 30. Qg3 Bc7 31. Ng5 Qh6 32.
Bxe3 dxe3 33. d4 Bxf4 34. Qg4 Qxg5 35. Rxe3 Bxe3+ 36. Kh1 Qxg4 0-1

[Event "*** Titled Tuesday Blitz"]
[Site "Chess.com"]
[Date "2020.04.14"]
[Round "4"]
[White "GMMarcinDziuba"]
[Black "sergoy"]
[Result "0-1"]
[WhiteElo "2686"]
[BlackElo "2883"]
[TimeControl "180+1"]
[EndTime "10:39:26 PDT"]
[Termination "sergoy won by resignation"]

1. Nf3 Nf6 2. d4 d5 3. c4 e6 4.
Nc3 c6 5. e3 Nbd7 6. Qc2 Bd6 7.
b3 O-O 8. Be2 b6 9. Bb2 Bb7 10.
O-O Qe7 11. Rad1 Rad8 12. Rfe1 Rfe8 13. Bf1 c5 14. cxd5 exd5 15. dxc5 bxc5 16. g3 Rc8 17.
Bg2 c4 18. bxc4 Rxc4 19. Qb1 Bb4 20. Rc1 Rec8 21. Red1 h6 22. Ne2 Ne4 23. Nf4 Ndf6 24. Bh3 Re8 25. Nd4 Nxf2 26. Kxf2 Qxe3+ 27. Kg2 Ne4 28. Nd3 Bd2 29. Rxd2 Nxd2 30. Re1 Nxb1 31. Rxe3 Rxe3 32.
Kf2 Rxd3 0-1

[Event "*** Titled Tuesday Blitz"]
[Site "Chess.com"]
[Date "2020.04.14"]
[Round "4"]
[White "frankshar"]
[Black "Savagelittlemole"]
[Result "0-1"]
[WhiteElo "2260"]
[BlackElo "2612"]
[TimeControl "180+1"]
[EndTime "10:39:26 PDT"]
[Termination "Savagelittlemole won by checkmate"]

1. c4 e5 2. a3 g6 3. Nc3 Bg7 4.
g3 Nc6 5. Bg2 Nge7 6. e3 d6 7.
Nge2 O-O 8. O-O f5 9. d4 Qe8 10.
b4 g5 11. b5 Nd8 12. f4 gxf4 13. gxf4 Ng6 14. Kh1 Kh8 15. Bb2 Be6 16. c5 Nh4 17. d5 Nxg2 18. Kxg2 Bd7 19. c6 bxc6 20. bxc6 Bc8 21. Kh1 Nf7 22. Ng3 Ba6 23. Rg1 Nh6 24.
Qa4 Bc8 25. Rae1 Rb8 26. Ba1 a6 27. Qc4 Ng4 28. h3 Nf6 29. Qd3 Qg6 30. Nge2 Qh6 31. Kg2 Rg8 32. Kf2 Qxh3 33. Rg3 Qh2+ 34. Rg2 Ng4+ 35.
Kf1 Qh1+ 36. Rg1 Qf3# 0-1

[Event "*** Titled Tuesday Blitz"]
[Site "Chess.com"]
[Date "2020.04.14"]
[Round "4"]
[White "Halvard"]
[Black "Rinas_Oleg"]
[Result "1-0"]
[WhiteElo "2106"]
[BlackElo "2346"]
[TimeControl "180+1"]
[EndTime "10:39:27 PDT"]
[Termination "Halvard won on time"]

1. e4 c5 2. a3 d6 3. b4 cxb4 4. axb4 e6 5. d4 Nf6 6. Bd3 Be7 7. Nf3 O-O 8. O-O Nbd7 9. h3 e5 10. d5 Nb6 11. Be3 Bd7 12. c4 Qc7 13. Qc2 Rfc8 14. Rc1 Be8 15. c5 Nbd7 16. c6 Nb6 17. Na3 bxc6 18.
Ba6 Rcb8 19. dxc6 Nc8 20. Nb5 Rxb5 21. Bxb5 g6 22. Ba6 Bf8 23. Bb7 Rb8 24. Bxa7 Nxa7 25. Rxa7 Qb6 26. Ra6 Qc7 27. b5 d5 28. Ra8 dxe4 29. Rxb8 Qxb8 30. Nd2 Bd6 31. Nc4 Bc7 32. b6 Bxc6 33. Bxc6 1-0

[Event "*** Titled Tuesday Blitz"]
[Site "Chess.com"]
[Date "2020.04.14"]
[Round "4"]
[White "BilguunSu"]
[Black "Neimar24"]
[Result "0-1"]
[WhiteElo "2638"]
[BlackElo "2548"]
[TimeControl "180+1"]
[EndTime "10:39:28 PDT"]
[Termination "Neimar24 won by resignation"]

1. e4 e6 2. Qe2 d5 3. exd5 Qxd5 4. Nc3 Qd8 5. g3 c5 6. Bg2 Ne7 7. Nf3 Nbc6 8. O-O Nf5 9. b3 Be7 10. Bb2 O-O 11. Ne4 Rb8 12. c3 b6 13. Rad1 Bb7 14. a3 Qc7 15. b4 Rfd8 16. b5 Na5 17. d4 cxd4 18. Nxd4 Nxd4 19. cxd4 Qc4 20. Qe1 Qxb5 21.
Rb1 Qf5 22. a4 Nc4 23. Bc3 Na3 24. Rb2 Ba6 25. Re2 Bxe2 26. Qxe2 Rbc8 27. g4 Qf4 28. Bd2 Qb8 29. Be3 Nc2 30. g5 Nxd4 31. Qh5 Nf5 32. Qf3 Rd3 33. Qg4 Rxe3 34. Nf6+ Bxf6 35. gxf6 Rec3 36.
Be4 R3c4 37. Rd1 Qe5 38. Qg5 Qxe4 39. fxg7 Qg4+ 0-1

[Event "*** Titled Tuesday Blitz"]
[Site "Chess.com"]
[Date "2020.04.14"]
[Round "4"]
[White "Tiqr777"]
[Black "StockholmMissile"]
[Result "1-0"]
[WhiteElo "2644"]
[BlackElo "2417"]
[TimeControl "180+1"]
[EndTime "10:39:28 PDT"]
[Termination "Tiqr777 won by resignation"]

1. c4 e5 2. Nc3 Nf6 3. g3 d5 4.
cxd5 Nxd5 5. Bg2 Nb6 6. Nf3 Nc6 7. O-O Be7 8. d3 O-O 9. Bd2 Re8 10. Rc1 Bf8 11. a3 Nd4 12. Nxd4 exd4 13. Ne4 c6 14.
Re1 h6 15. Qc2 Nd7 16. b4 Nf6 17. Nxf6+ Qxf6 18. Qb2 a6 19. e4 dxe3 20. Qxf6 exd2 21. Qc3 Rxe1+ 22. Rxe1 dxe1=Q+ 23. Qxe1 Be6 24. Qc3 Rd8 25.
h3 g6 26. Kh2 Bg7 27. Qc2 h5 28. h4 Bh6 29. Qe2 Bf5 30. Be4 Re8 31. Qf3 Bxe4 32.
dxe4 Rd8 33. Kg2 Rd2 34. e5 Bg7 35. Qe3 Rd7 36. f4 Kh7 37. Qb6 Bf8 38. Kf3 Kg7 39.
Ke4 f5+ 40. Ke3 Kf7 41. Ke2 Ke6 42. Qa7 Be7 43. Qb8 Bd8 44. Qc8 Ke7 45. Qb8 Ke6 46.
a4 Ke7 47. Qa7 Ke6 48. Qc5 Be7 49. Qc4+ Rd5 50. Ke3 Kd7 51. b5 axb5 52. axb5 Bc5+ 53. Ke2 Ke6 54. bxc6 bxc6 55. Qa6 Kd7 56. Qb7+ Kd8 57. Qxc6 1-0

[Event "*** Titled Tuesday Blitz"]
[Site "Chess.com"]
[Date "2020.04.14"]
[Round "4"]
[White "RiskyDecision"]
[Black "karwowskikacper"]
[Result "1-0"]
[WhiteElo "2596"]
[BlackElo "2350"]
[TimeControl "180+1"]
[EndTime "10:39:28 PDT"]
[Termination "RiskyDecision won by resignation"]

1. d4 Nf6 2. c4 e6 3. g3 c6 4.
Nf3 d5 5. Bg2 Be7 6. O-O O-O 7.
Qc2 Nbd7 8. b3 a5 9. Bb2 Ne4 10.
Nbd2 Ndf6 11. Ne5 Nxd2 12. Qxd2 a4 13. Qc2 axb3 14. axb3 Bd7 15. c5 Qc7 16. b4 b6 17.
f4 bxc5 18. bxc5 Rfb8 19. Bf3 Be8 20. Bc3 Qb7 21. Kg2 g6 22. g4 Nd7 23. Nd3 Rxa1 24. Rxa1 Qb3 25. Qd2 f6 26. h4 Kf7 27. Ra2 Qb1 28. Ra1 Qb3 29. h5 gxh5 30. gxh5 Bf8 31. Bg4 Bh6 32. Ba5 f5 33. Bf3 Ke7 34. Bc7 Rc8 35.
Bd6+ Kf6 36. Kf2 Qc4 37. Qe3 Bf8 38. Bxf8 Nxf8 39. Ne5 Rb8 40. Nxc4 1-0

[Event "*** Titled Tuesday Blitz"]
[Site "Chess.com"]
[Date "2020.04.14"]
[Round "4"]
[White "pedroholly22"]
[Black "bait_or_mate"]
[Result "0-1"]
[WhiteElo "2344"]
[BlackElo "2579"]
[TimeControl "180+1"]
[EndTime "10:39:28 PDT"]
[Termination "bait_or_mate won by resignation"]

1. e4 c5 2. Nf3 e6 3. d4 cxd4 4. Nxd4 Nc6 5. Nc3 Qc7 6. Be3 a6 7. Qd2 Nf6 8. O-O-O Bb4 9. f3 Ne5 10. a3 Bxc3 11. Qxc3 Qxc3 12. bxc3 d5 13. Bd3 dxe4 14.
Bxe4 Nxe4 15. fxe4 Bd7 16. Nf3 Nc4 17. Bc5 Rc8 18. Bd6 Nxd6 19. Rxd6 Bc6 20. Re1 Ke7 21.
Rd2 Rc7 22. Nd4 Rhc8 23. Re3 Bd7 24. Kb2 e5 25. Ne2 Be6 26. h3 Rc5 27. g4 Rb5+ 28.
Kc1 Rcc5 29. Ng3 g6 30. c4 Rxc4 31. Ne2 Rc7 32. Nc3 Rbc5 33. Kb2 b5 34. Na2 a5 35.
Nc3 b4 36. axb4 axb4 37. Nd5+ Bxd5 38. exd5 Kd6 39. Red3 Rc3 40. Rf2 Rxd3 41. cxd3 Kxd5 42. Kb3 Kd4 43. Kxb4 Kxd3 44. Rf1 e4 45. Kb3 e3 46. Rd1+ Ke4 47. Rd8 Re7 48. Kc2 Kf3 49.
Kd1 Kf2 50. Rd2+ exd2 0-1

[Event "*** Titled Tuesday Blitz"]
[Site "Chess.com"]
[Date "2020.04.14"]
[Round "4"]
[White "xberli"]
[Black "tonyq11"]
[Result "1-0"]
[WhiteElo "2444"]
[BlackElo "2245"]
[TimeControl "180+1"]
[EndTime "10:39:29 PDT"]
[Termination "xberli won on time"]

1. e4 c5 2. Nf3 e6 3. d4 cxd4 4. Nxd4 Nc6 5. Nc3 a6 6. Be3 Nf6 7. Nxc6 bxc6 8. e5 Nd5 9. Nxd5 cxd5 10. Bd3 Be7 11. Qh5 g6 12. Qh6 Bf8 13. Qh3 Be7 14.
Bh6 Rb8 15. O-O Rg8 16. Rab1 Rb4 17. f4 Qb6+ 18. Kh1 Qb8 19. b3 Bb7 20. Rbe1 a5 21. Bg5 h5 22. Bxe7 Kxe7 23. Qh4+ Ke8 24. a3 Rb6 25. Qg5 Qd8 26. Qg3 Qe7 27. Qe3 Qd8 28. Qe2 Qe7 29. Qe3 Qd8 30. Rf2 Qc7 31. Qd4 Ba6 32.
Rff1 Bxd3 33. Qxd3 Rc6 34. Rc1 Rc3 35. Qe2 Ke7 36. Qe1 Qc5 37. Qh4+ Ke8 38. b4 axb4 39. axb4 Qe7 40. Qe1 Qxb4 41. Rb1 Qc4 42. Rb8+ Ke7 43. Rxg8 Rxc2 44. Qh4+ 1-0

[Event "*** Titled Tuesday Blitz"]
[Site "Chess.com"]
[Date "2020.04.14"]
[Round "4"]
[White "lhavas"]
[Black "Luibov_AN"]
[Result "1-0"]
[WhiteElo "2404"]
[BlackElo "2174"]
[TimeControl "180+1"]
[EndTime "10:39:29 PDT"]
[Termination "lhavas won by resignation"]

1. d4 g6 2. Nc3 Bg7 3. Bf4 c5 4. e3 cxd4 5. exd4 Nc6 6. Nf3 Qb6 7. Nb5 d6 8. d5 Nb8 9. Be3 Qa5+ 10. c3 a6 11. b4 Qd8 12. Nbd4 Nf6 13. Bc4 Qc7 14. Qd3 b5 15. Bb3 O-O 16. O-O Nbd7 17. Nc6 Re8 18. a4 Bb7 19. axb5 axb5 20. Qxb5 Ng4 21. Rxa8 Bxa8 22. Bd4 Nde5 23. Nfxe5 dxe5 24. Bb6 Qd7 25. c4 e4 26. h3 Nh6 27. Bc5 Nf5 28. Nxe7+ Rxe7 29. Bxe7 Qxb5 30. cxb5 Nxe7 31. d6 Nf5 32. d7 Bf6 33.
Rc1 Kg7 34. Rc8 1-0

[Event "*** Titled Tuesday Blitz"]
[Site "Chess.com"]
[Date "2020.04.14"]
[Round "4"]
[White "Shant_Sargsyan"]
[Black "Rish_97"]
[Result "0-1"]
[WhiteElo "3023"]
[BlackElo "2611"]
[TimeControl "180+1"]
[EndTime "10:39:30 PDT"]
[Termination "Rish_97 won by resignation"]

1. d4 Nf6 2. c4 g6 3. Nc3 d5 4. Bd2 Bg7 5. cxd5 Nxd5 6. e4 Nxc3 7. Bxc3 c5 8. d5 Bxc3+ 9. bxc3 O-O 10. h4 e6 11. d6 Qf6 12. Qd2 Bd7 13. f4 e5 14.
Nf3 exf4 15. e5 Re8 16. O-O-O Rxe5 17. Nxe5 Qxe5 18. Re1 Qf6 19. Re7 Be6 20. Re8+ Kg7 21. h5 gxh5 22. Rxh5 Bg4 23. Rxc5 Nd7 24. Rxa8 Nxc5 25.
Qd4 Qxd4 26. cxd4 Ne4 27. Rd8 Kf6 28. Bd3 Nf2 29. Bxh7 Be6 30. d5 Bxd5 31. Re8 Bc6 32. Kd2 Bxe8 33. Ke2 Ng4 34. Kf3 Ne5+ 35. Kxf4 Bd7 36.
Be4 b5 37. Bd5 a5 38. a3 b4 39. axb4 axb4 40. Ke3 Be6 41. Be4 b3 42. Kd4 b2 43.
Kc3 Bf5 44. Bxf5 Kxf5 45. Kxb2 Ke6 46. Kc3 Kxd6 47. Kd4 Ke6 48. Ke4 f6 49. Kf4 Nf7 50. g3 Ng5 51. g4 Kf7 52. Kf5 Kg7 53. Kf4 Kg6 0-1

[Event "*** Titled Tuesday Blitz"]
[Site "Chess.com"]
[Date "2020.04.14"]
[Round "4"]
[White "Faqade"]
[Black "Sanan_Sjugirov"]
[Result "1/2-1/2"]
[WhiteElo "2640"]
[BlackElo "2827"]
[TimeControl "180+1"]
[EndTime "10:39:31 PDT"]
[Termination "Game drawn by agreement"]

1. e4 e5 2. Nf3 Nc6 3. Nc3 Nf6 4. d4 exd4 5. Nxd4 Bb4 6. Nxc6 bxc6 7. Bd3 d5 8. exd5 O-O 9. O-O cxd5 10. Qf3 Rb8 11. Bg5 c6 12. Nd1 Be7 13. Ne3 Rxb2 14. Nf5 Bxf5 15. Qxf5 g6 16. Qe5 Rb7 17. Rab1 Ng4 18.
Qg3 Rxb1 19. Rxb1 Bxg5 20. Qxg4 Re8 21. g3 Qe7 22. Qa4 Qc7 23. Qb3 Bf6 24. Qb7 Qxb7 25.
Rxb7 Bd4 26. Kf1 Kg7 27. c4 Rd8 28. a4 Bb6 29. a5 Bxa5 30. Rxa7 Bc3 31. Rc7 Rd6 32.
cxd5 Rxd5 33. Bc4 Rf5 34. Rxc6 Bd4 35. f4 Rc5 1/2-1/2